 Dungeon Crawl Stone Soup version 0.32-a0-898-g7811c86cf0 (webtiles) character file.

Game seed: 6602842534298091262

110 Griffin23 the Slasher (level 4, -1/41 HPs)
             Began as a Gnoll Cinder Acolyte on Apr 4, 2024.
             Was a High Priest of Ignis.
             Slain by Ijyb
             ... wielding a +0 club
              (2 damage)
             ... on level 3 of the Dungeon.
             The game lasted 00:04:07 (2460 turns).

Griffin23 the Slasher (Gnoll Cinder Acolyte)        Turns: 2460, Time: 00:04:08

Health: -1/41      AC:  8    Str: 16    XL:     4   Next: 91%
Magic:  8/8        EV:  4    Int: 13    God:    Ignis [*****.]
Gold:   118        SH:  6    Dex:  7    Spells: 7/9 levels left

rFire   + + .        a - -1 falchion (flame)
rCold   . . .        f - +0 kite shield
rNeg    . . .        e - +0 chain mail
rPois   .            (no helmet)
rElec   .            (no cloak)
rCorr   .            (no gloves)
SInv    +            (no boots)
Will    .....        (no amulet) Stlth
                     h - ring of protection from fire
HPRegen 0.26/turn    k - ring of see invisible
MPRegen 0.11/turn

%: no passive effects
@: no status effects
A: fangs 1, strong nose, distributed training
a: Renounce Religion, Fiery Armour, Foxfire Swarm, Rising Flame


You were on level 3 of the Dungeon.
You worshipped Ignis.
Ignis was extremely pleased with you.
You visited 1 branch of the dungeon, and saw 3 of its levels.

You collected 118 gold pieces.

Inventory:

Hand Weapons
 a - a -1 falchion of flaming (weapon)
Armour
 b - a +0 robe
 e - a +0 chain mail (worn)
 f - a +0 kite shield (worn)
 i - a scarf of harm
Jewellery
 h - a ring of protection from fire (left hand)
 k - a ring of see invisible (right hand)
Scrolls
 d - a scroll of enchant weapon {unknown}
 g - a scroll of identify {unknown}
 n - a scroll of summoning {unknown}
 q - a scroll of noise {unknown}
 r - 3 scrolls of silence {unknown}
Potions
 j - a potion of attraction {unknown}
 l - a potion of degeneration {unknown}
 m - a potion of mutation {unknown}
 o - a potion of heal wounds {unknown}
 p - a potion of curing {unknown}


   Skills:
 + Level 6.6 Fighting
 + Level 1.3 Short Blades
 + Level 6.6 Long Blades
 + Level 1.3 Axes
 + Level 1.3 Maces & Flails
 + Level 1.3 Polearms
 + Level 1.3 Staves
 + Level 1.3 Ranged Weapons
 + Level 1.3 Throwing
 + Level 1.3 Armour
 + Level 1.3 Dodging
 + Level 1.3 Stealth
 + Level 1.3 Shields
 + Level 1.3 Unarmed Combat
 + Level 3.1 Spellcasting
 + Level 1.1 Conjurations
 + Level 1.1 Hexes
 + Level 1.1 Summonings
 + Level 1.1 Necromancy
 + Level 1.1 Translocations
 + Level 5.5 Fire Magic
 + Level 1.1 Ice Magic
 + Level 1.1 Air Magic
 + Level 1.1 Earth Magic
 + Level 1.1 Alchemy
 + Level 1.5 Invocations
 + Level 1.3 Evocations
 + Level 1.2 Shapeshifting


You had 7 spell levels left.
You knew the following spells:

 Your Spells              Type           Power      Damage    Failure   Level
a - Scorch                Fire           32%        2d6       83%         2

Your spell library contained the following spells:

 Spells                   Type           Power      Damage    Failure   Level
 Lesser Beckoning         Tloc           8%         N/A       100%        2
 Maxwell's Portable Pile  Tloc           4%         2d(5-14)  100%        3
 Teleport Other           Tloc           4%         N/A       100%        3


Dungeon Overview and Level Annotations

Branches:
Dungeon (3/15)

Altars:

Shops:
D:3 =

Annotations:
D:3 Ijyb


Innate Abilities, Weirdness & Mutations

You have very sharp teeth.
Your uncanny sense of smell can sniff out nearby items.
Your experience applies equally to all skills.


Message History

You are frozen.
An endoplasm is nearby!
You slash the endoplasm! You burn the endoplasm.
You kill the endoplasm!
r - 3 scrolls labelled QUD WULIUCWIRCH No target in view!
A hobgoblin comes into view.
The hobgoblin shouts!
You see here 11 gold pieces.
You hit the hobgoblin. You burn the hobgoblin.
You kill the hobgoblin!
You now have 118 gold pieces (gained 11).
You see here a hobgoblin corpse.
You see here a +4 short sword.
No target in view!
Found a stone staircase leading up.
No target in view!
Ijyb the Inquisitive comes into view.
She is wielding a +0 club and carrying a wand of mindburst.
Found a viscous cyan potion.
Ijyb shouts!
Ijyb zaps a wand.
Your mind is blasted!
Ijyb is nearby!
Ijyb zaps a wand.
Your mind is blasted!
Ijyb is nearby!
You closely miss Ijyb. You block Ijyb's attack.
Ijyb is nearby!
You hit Ijyb. You burn Ijyb.
Ijyb is lightly wounded.
Ijyb zaps a wand.
Your mind is blasted!
* * * LOW HITPOINT WARNING * * *
Ijyb hits you with a +0 club.
* * * LOW HITPOINT WARNING * * *
You are too injured to fight recklessly!
You are too injured to fight recklessly!
You are too injured to fight recklessly!
It was a potion of magic.
Magic courses through your body. Ijyb hits you with a +0 club.
You die...
Ijyb screams, "Time for next experiment!"
Ignis goes out, and joins you in death.

###################
ß.ß.ß.ß.ß.♣.ß.♣.♣.##
...................#
ß.ß.ß.ß.♣.♣.ß.ß.ß..#
##################.#
. ......g##.# .
.......@..# .
.......#### #
####### # # . .


You could see Ijyb.

Vanquished Creatures
  Terence (D:3)
  An adder (D:2)
  2 ribbon worms (D:2)
  6 endoplasms
  A giant cockroach (D:2)
  8 goblins
  8 hobgoblins
  7 jackals
  5 kobolds
  2 quokkas (D:1)
  10 ball pythons
  6 bats
  5 frilled lizards (D:1)
  3 rats (D:1)
65 creatures vanquished.

Notes
Turn   | Place    | Note
-------+----------+-------------------------------------------
     0 | D:1      | Griffin23 the Gnoll Cinder Acolyte began the quest for the
                  | Orb.
     0 | D:1      | Reached XP level 1. HP: 23/23 MP: 4/4
    35 | D:1      | Reached XP level 2. HP: 12/29 MP: 5/5
   363 | D:1      | Reached XP level 3. HP: 21/35 MP: 7/7
   768 | D:1      | Reached skill level 1 in Invocations
   974 | D:1      | Learned a level 2 spell: Scorch
  1455 | D:2      | Reached skill level 1 in Short Blades
  1455 | D:2      | Reached skill level 1 in Axes
  1455 | D:2      | Reached skill level 1 in Maces & Flails
  1455 | D:2      | Reached skill level 1 in Polearms
  1455 | D:2      | Reached skill level 1 in Staves
  1455 | D:2      | Reached skill level 1 in Ranged Weapons
  1455 | D:2      | Reached skill level 1 in Throwing
  1455 | D:2      | Reached skill level 1 in Armour
  1455 | D:2      | Reached skill level 1 in Dodging
  1455 | D:2      | Reached skill level 1 in Stealth
  1455 | D:2      | Reached skill level 1 in Shields
  1455 | D:2      | Reached skill level 1 in Unarmed Combat
  1455 | D:2      | Reached skill level 1 in Evocations
  1584 | D:2      | Reached skill level 1 in Shapeshifting
  1584 | D:2      | Reached XP level 4. HP: 33/41 MP: 8/8
  2106 | D:3      | Noticed Terence
  2151 | D:3      | Killed Terence
  2152 | D:3      | Reached skill level 1 in Conjurations
  2152 | D:3      | Reached skill level 1 in Hexes
  2152 | D:3      | Reached skill level 1 in Summonings
  2152 | D:3      | Reached skill level 1 in Necromancy
  2152 | D:3      | Reached skill level 1 in Translocations
  2152 | D:3      | Reached skill level 1 in Ice Magic
  2152 | D:3      | Reached skill level 1 in Air Magic
  2152 | D:3      | Reached skill level 1 in Earth Magic
  2152 | D:3      | Reached skill level 1 in Alchemy
  2297 | D:3      | Found Deohug's Jewellery Shop.
  2455 | D:3      | Noticed Ijyb
  2459 | D:3      | HP: 1/41 [Ijyb/+0 club (3)]
  2460 | D:3      | Slain by Ijyb

Illustrated notes

Levels and vault maps discovered:
D:1:      ebering_trefoil_3fold, layout_loops_ring, nrook_loot_triangle
D:2:      minmay_door_path, layout_basic
D:3:      layout_rooms, serial_shops, shop, chequers_avenue, uniq_terence,
          uniq_ijyb

Skill      XL: |  1  2  3  4 |
---------------+-------------+-----
Invocations    | 1 |  1.5
Short Blades   | 1 |  1.3
Axes           | 1 |  1.3
Maces & Flails | 1 |  1.3
Polearms       | 1 |  1.3
Staves         | 1 |  1.3
Ranged Weapons | 1 |  1.3
Throwing       | 1 |  1.3
Armour         | 1 |  1.3
Dodging        | 1 |  1.3
Stealth        | 1 |  1.3
Shields        | 1 |  1.3
Unarmed Combat | 1 |  1.3
Evocations     | 1 |  1.3
Shapeshifting  | 1 |  1.2
Spellcasting   | 3 |  3.1
Conjurations   | 1 |  1.1
Hexes          | 1 |  1.1
Summonings     | 1 |  1.1
Necromancy     | 1 |  1.1
Translocations | 1 |  1.1
Ice Magic      | 1 |  1.1
Air Magic      | 1 |  1.1
Earth Magic    | 1 |  1.1
Alchemy        | 1 |  1.1
Fighting       | |  6.6
Long Blades    | |  6.6
Fire Magic     | |  5.5

Action                     |  1- 3 |  4- 6 || total
---------------------------+-------+-------++-------
  Melee: Falchion          |   164 |   107 ||   271
         Bite              |    12 |     7 ||    19
 Invoke: Fiery Armour      |     1 |       ||     1
    Use: Potion            |       |     1 ||     1
 Armour: Robe              |    75 |       ||    75
         Chain mail        |    63 |    75 ||   138
  Dodge: Dodged            |    88 |    33 ||   121
  Block: Kite shield       |    16 |    42 ||    58

Table legend: (Time is in decaauts)
 A = Elapsed time spent in this place.
 B = Non-inter-level travel time spent in this place.
 C = Inter-level travel time spent in this place.
 D = Time resting spent in this place.
 E = Time spent auto-exploring this place.
 F = Levels seen in this place.
 G = Mean time per level.
                   A        B        C        D        E       F      G
               +--------+--------+--------+--------+--------+-----+--------+
         Total |   2479 |   2440 |     39 |      0 |   1914 |   3 |  826.3 |
       Dungeon |   2479 |   2440 |     39 |      0 |   1914 |   3 |  826.3 |
               +--------+--------+--------+--------+--------+-----+--------+

Top non-repeatable levels by time:
     D:1: 1091 daAuts
     D:2: 1018 daAuts
     D:3: 369 daAuts
